[Event "12th Asrian Memorial 2019"]
[Site "Yerevan"]
[Date "2019.06.14"]
[Round "4.13"]
[White "Gevorgyan, Albert"]
[Black "Shahinyan, David"]
[Result "0-1"]
[ECO "A04"]
[WhiteElo "2088"]
[BlackElo "2429"]
[Annotator "ChessBase"]
[PlyCount "68"]
[EventDate "2019.06.11"]
[EventType "swiss"]
[EventCountry "ARM"]
[SourceTitle "playchess.com"]
[Source "ChessBase"]
[SourceQuality "1"]
[TimeControl "40/5400+30:1800+30"]

1. Nf3 e6 2. g3 b6 3. Bg2 Bb7 4. c4 f5 5. b3 Nf6 6. Bb2 Be7 7. O-O O-O 8. d3 Qe8 9. Nbd2 Qh5 10. e3 Qh6 11. Be5 d6 12. Bf4 Qh5 13. e4 e5 14. Bg5 f4 15. gxf4 exf4 16. Bxf4 Nxe4 17. Nxe4 Rxf4 18. Ng3 Qh6 19. Nh4 Bxg2 20. Nxg2 Rf8 21. Qg4 Nc6 22. d4 Bf6 23. Rad1 Rae8 24. Ne3 Rf7 25. Kg2 g6 26. d5 Ne5 27. Qh3 Qf4 28. Kh1 Bg5 29. Qg2 Nf3 30. Ne2 Qh4 31. Rd3 Nxh2 32. Nf5 Rxf5 33. Rh3 Qg4 34. Ng3 Nxf1 0-1

[Event "12th Asrian Memorial 2019"]
[Site "Yerevan"]
[Date "2019.06.15"]
[Round "5.4"]
[White "Vardanian, Haik G."]
[Black "Andriasian, Zaven"]
[Result "0-1"]
[ECO "A28"]
[WhiteElo "2357"]
[BlackElo "2600"]
[Annotator "RC"]
[PlyCount "68"]
[EventDate "2019.06.11"]
[EventType "swiss"]
[EventCountry "ARM"]
[SourceTitle "playchess.com"]
[Source "ChessBase"]
[SourceQuality "1"]
[TimeControl "40/5400+30:1800+30"]

1. c4 e5 2. Nc3 Nc6 3. Nf3 Nf6 4. e3 Bb4 5. Qc2 O-O 6. Bd3 Bxc3 7. dxc3 d6 8. e4 h6 9. h3 Be6 10. g4 Nd7 11. Be3 a6 12. Nd2 Ne7 13. Nf1 Ng6 14. Ng3 Nf4 15. Bf1 b5 16. cxb5 axb5 17. a3 Nc5 18. b4 Nb3 19. Ra2 c5 20. Bxb5 cxb4 21. c4 Nd4 22. Bxd4 exd4 23. axb4 Qf6 24. Ra5 d3 25. Qc1 Ng2+ 26. Kf1 Qf3 27. Rh2 Nf4 28. Qd2 Rfb8 29. Qe3 Qd1+ 30. Qe1 Qc2 31. Ba4 Qxc4 32. Qd2 Rxa5 33. bxa5 Rb1+ 34. Bd1 Qc2 0-1

[Event "12th Asrian Memorial 2019"]
[Site "Yerevan"]
[Date "2019.06.15"]
[Round "5.5"]
[White "Kulaots, Kaido"]
[Black "Gharibyan, Mamikon"]
[Result "0-1"]
[ECO "C78"]
[WhiteElo "2574"]
[BlackElo "2320"]
[Annotator "ChessBase"]
[PlyCount "120"]
[EventDate "2019.06.11"]
[EventType "swiss"]
[EventCountry "ARM"]
[SourceTitle "playchess.com"]
[Source "ChessBase"]
[SourceQuality "1"]
[TimeControl "40/5400+30:1800+30"]

1. e4 e5 2. Nf3 Nc6 3. Bb5 a6 4. Ba4 Nf6 5. O-O Bc5 6. c3 b5 7. Bb3 d6 8. a4 Bb7 9. d3 h6 10. Nh4 Ne7 11. Qf3 Qd7 12. Be3 Qg4 13. Qxg4 Nxg4 14. Bxc5 dxc5 15. Nf3 Ng6 16. Nbd2 Ke7 17. Bc2 Nf6 18. Nb3 Nd7 19. Na5 Rab8 20. axb5 axb5 21. Nxb7 Rxb7 22. Nd2 Nf4 23. Rfe1 Rhb8 24. g3 Ne6 25. Ra5 c4 26. dxc4 b4 27. cxb4 Rxb4 28. b3 f6 29. Rea1 Ndc5 30. R1a3 Rd8 31. Nf1 Rd7 32. Ne3 c6 33. h4 h5 34. Kf1 g6 35. Ke1 Kd6 36. Ra8 Ke7 37. R8a5 Kd6 38. Kd2 Nd4 39. Kc3 Rdb7 40. Ra7 Nxc2 41. Kxc2 Rxb3 42. Rxb7 Rxa3 43. Rg7 Ra2+ 44. Kd1 Rxf2 45. Ke1 Nxe4 46. Rxg6 Ke6 47. g4 Rf3 48. Ke2 Rh3 49. gxh5 Ng3+ 50. Kd2 Nxh5 51. Rg4 Nf4 52. Rg7 Rh2+ 53. Kd1 Rxh4 54. Rc7 Kd6 55. Rf7 Rh1+ 56. Kd2 Nh5 57. Rh7 Ng3 58. Rf7 Rh2+ 59. Kd3 Rf2 60. Rg7 Rf3 {[%emt 0:00:30] Kd4} 0-1

[Event "12th Asrian Memorial 2019"]
[Site "Yerevan"]
[Date "2019.06.15"]
[Round "5.6"]
[White "Vaganian, Rafael A"]
[Black "Barseghyan, Armen Ar."]
[Result "0-1"]
[ECO "A04"]
[WhiteElo "2526"]
[BlackElo "2294"]
[Annotator "ChessBase"]
[PlyCount "116"]
[EventDate "2019.06.11"]
[EventType "swiss"]
[EventCountry "ARM"]
[SourceTitle "playchess.com"]
[Source "ChessBase"]
[SourceQuality "1"]
[TimeControl "40/5400+30:1800+30"]

1. Nf3 c5 2. c4 Nf6 3. g3 g6 4. Bg2 Bg7 5. Nc3 O-O 6. d4 cxd4 7. Nxd4 Nc6 8. O-O Qa5 9. Nb3 Qh5 10. c5 a5 11. Na4 d6 12. Nb6 Rb8 13. e4 Bg4 14. f3 Be6 15. g4 Bxb3 16. gxh5 Bxd1 17. Rxd1 dxc5 18. h6 Bh8 19. Be3 Nd4 20. Rd2 Rbd8 21. Rc1 e6 22. Rxc5 Nc6 23. Nc4 Rxd2 24. Nxd2 Nh5 25. Rb5 f5 26. Rxb7 Rd8 27. f4 Bd4 28. Kf2 Bxe3+ 29. Kxe3 Nb4 30. Nc4 Nc2+ 31. Kf2 Nxf4 32. e5 Nd3+ 33. Ke2 Nf4+ 34. Kf3 g5 35. Rg7+ Kh8 36. Bf1 Ng6 37. Kf2 Nb4 38. Nxa5 Nxe5 39. Re7 Ng4+ 40. Kg1 Nxh6 41. Rxe6 Kg7 42. a3 Nc2 43. Nc4 Rd1 44. b4 f4 45. h3 Nf5 46. Kf2 Nce3 47. Be2 Ra1 48. b5 Ra2 49. Re4 Nxc4 50. Rxc4 Ng3 51. a4 Rxe2+ 52. Kf3 h5 53. b6 Re3+ 54. Kg2 Rb3 55. a5 Nf5 56. Rc7+ Kf6 57. Rc6+ Ke5 58. Kf2 Rb2+ 0-1

[Event "12th Asrian Memorial 2019"]
[Site "Yerevan"]
[Date "2019.06.15"]
[Round "5.7"]
[White "Babujian, Levon"]
[Black "Der Manuelian, Haik"]
[Result "0-1"]
[ECO "C50"]
[WhiteElo "2485"]
[BlackElo "2309"]
[Annotator "ChessBase"]
[PlyCount "60"]
[EventDate "2019.06.11"]
[EventType "swiss"]
[EventCountry "ARM"]
[SourceTitle "playchess.com"]
[Source "ChessBase"]
[SourceQuality "1"]
[TimeControl "40/5400+30:1800+30"]

1. e4 e5 2. Nf3 Nc6 3. Bc4 Bc5 4. O-O Nf6 5. d4 Bxd4 6. Nxd4 Nxd4 7. Bg5 Qe7 8. Nc3 c6 9. f4 d6 10. f5 Bd7 11. a4 d5 12. Bxf6 gxf6 13. exd5 O-O-O 14. Qd3 Kb8 15. Kh1 Qb4 16. Ba2 Bxf5 17. Qd2 cxd5 18. Qh6 Qxb2 19. Nb5 Nxb5 20. axb5 Be4 21. Qe3 Qxc2 22. Rf2 d4 23. Qe1 Qc3 24. Qd1 d3 25. Bxf7 d2 26. Bb3 Rd3 27. Ba4 Rhd8 28. Rf1 Qd4 29. Bb3 Qc3 30. Be6 Qxa1 0-1

[Event "12th Asrian Memorial 2019"]
[Site "Yerevan"]
[Date "2019.06.15"]
[Round "5.8"]
[White "Sargsyan, Anna M."]
[Black "Kotanjian, Tigran"]
[Result "0-1"]
[ECO "A48"]
[WhiteElo "2290"]
[BlackElo "2462"]
[Annotator "ChessBase"]
[PlyCount "58"]
[EventDate "2019.06.11"]
[EventType "swiss"]
[EventCountry "ARM"]
[SourceTitle "playchess.com"]
[Source "ChessBase"]
[SourceQuality "1"]
[TimeControl "40/5400+30:1800+30"]

1. d4 Nf6 2. Nf3 g6 3. Bg5 Bg7 4. Nbd2 O-O 5. e4 d5 6. e5 Ne4 7. Be3 c5 8. c3 cxd4 9. cxd4 Nc6 10. Be2 f6 11. exf6 exf6 12. Nb3 f5 13. g3 g5 14. Qc1 f4 15. gxf4 gxf4 16. Bxf4 Qf6 17. Be5 Nxe5 18. dxe5 Qb6 19. Qe3 Qb4+ 20. Nbd2 Bg4 21. Qb3 Qa5 22. Rd1 Rac8 23. Qd3 Kh8 24. a3 Bxf3 25. Bxf3 Nxd2 26. Rxd2 Bh6 27. b4 Bxd2+ 28. Kxd2 Qb6 29. Ke2 Rce8 0-1

[Event "12th Asrian Memorial 2019"]
[Site "Yerevan"]
[Date "2019.06.15"]
[Round "5.9"]
[White "Mikaelyan, Arman"]
[Black "Akopov, Roman"]
[Result "1-0"]
[ECO "C95"]
[WhiteElo "2453"]
[BlackElo "2264"]
[Annotator "ChessBase"]
[PlyCount "53"]
[EventDate "2019.06.11"]
[EventType "swiss"]
[EventCountry "ARM"]
[SourceTitle "playchess.com"]
[Source "ChessBase"]
[SourceQuality "1"]
[TimeControl "40/5400+30:1800+30"]

1. e4 e5 2. Nf3 Nc6 3. Bb5 a6 4. Ba4 Nf6 5. O-O Be7 6. Re1 b5 7. Bb3 d6 8. c3 O-O 9. h3 Nb8 10. d4 Nbd7 11. Nbd2 Bb7 12. Bc2 Re8 13. Nf1 Bf8 14. Ng3 g6 15. a4 c5 16. d5 c4 17. Bg5 h6 18. Be3 Nc5 19. Qd2 h5 20. Bg5 Be7 21. Ra3 Nfd7 22. Be3 Qc7 23. Ng5 Bf6 24. Rf1 Re7 25. Qd1 Bg7 26. Kh1 Rae8 27. Qa1 1-0

[Event "12th Asrian Memorial 2019"]
[Site "Yerevan"]
[Date "2019.06.15"]
[Round "5.10"]
[White "Mnatsakanian, Arsen"]
[Black "Davtyan, Artur"]
[Result "0-1"]
[ECO "C26"]
[WhiteElo "2255"]
[BlackElo "2431"]
[Annotator "NA"]
[PlyCount "80"]
[EventDate "2019.06.11"]
[EventType "swiss"]
[EventCountry "ARM"]
[SourceTitle "playchess.com"]
[Source "ChessBase"]
[SourceQuality "1"]
[TimeControl "40/5400+30:1800+30"]

1. e4 e5 2. Nc3 Nf6 3. g3 Bc5 4. Bg2 Nc6 5. d3 a6 6. Nge2 d6 7. O-O Bd7 8. h3 h6 9. Kh2 $11 h5 10. Nd5 Nxd5 11. exd5 Ne7 12. d4 exd4 13. Nxd4 Ng6 14. b4 Bxb4 15. Rb1 Ba5 16. Rxb7 h4 17. Rb3 O-O 18. Qh5 Qf6 19. Nf3 hxg3+ 20. fxg3 Ne5 21. Bb2 Qg6 22. Qxg6 Nxg6 23. Ng5 Rae8 24. Bf3 Bb5 25. Rf2 Bb6 26. Rg2 Bf1 27. Rg1 Bxg1+ 28. Kxg1 Bb5 29. Kf2 Ne5 30. Rb4 Nxf3 31. Kxf3 Be2+ 32. Kf2 Bd1 33. g4 Re2+ 34. Kg3 Rxc2 35. Bd4 Re8 36. Kh4 Rd2 37. Bc3 Rxd5 38. Rf4 f6 39. Bxf6 gxf6 40. Rxf6 Kg7 0-1

[Event "12th Asrian Memorial 2019"]
[Site "Yerevan"]
[Date "2019.06.15"]
[Round "5.11"]
[White "Shahinyan, David"]
[Black "Yeritsyan, Hayk"]
[Result "1/2-1/2"]
[ECO "B13"]
[WhiteElo "2429"]
[BlackElo "2208"]
[Annotator "NA"]
[PlyCount "75"]
[EventDate "2019.06.11"]
[EventType "swiss"]
[EventCountry "ARM"]
[SourceTitle "playchess.com"]
[Source "ChessBase"]
[SourceQuality "1"]
[TimeControl "40/5400+30:1800+30"]

1. e4 c6 2. d4 d5 3. exd5 cxd5 4. Bd3 Nf6 5. c3 Nc6 6. Bf4 Bg4 7. Qb3 Qd7 8. Nd2 e6 9. Ngf3 Bd6 10. Bxd6 Qxd6 11. O-O O-O 12. Rae1 Bh5 13. Ne5 Rab8 14. a3 Bg6 $14 15. Nxg6 hxg6 16. Qd1 Rfc8 17. Qe2 Na5 18. f4 Qb6 19. Nf3 Nc4 20. Ne5 Nxb2 21. Rb1 Rxc3 22. Rxb2 Qxd4+ 23. Kh1 Rbc8 24. Rb4 Qc5 25. Rxb7 Rc1 26. h3 Ne4 27. Bxe4 dxe4 28. Nxf7 Qc2 29. Qa6 Qc6 30. Qxa7 Rxf1+ 31. Kh2 Qc1 32. Nh6+ Kh8 33. Nf7+ Kg8 34. Nh6+ Kh8 35. Nf7+ Kg8 36. Nh6+ Kh8 37. Nf7+ Kh7 38. Ng5+ 1/2-1/2

[Event "12th Asrian Memorial 2019"]
[Site "Yerevan"]
[Date "2019.06.15"]
[Round "5.12"]
[White "Piliposyan, Robert"]
[Black "Chibukhchian, Artur"]
[Result "1/2-1/2"]
[ECO "D20"]
[WhiteElo "2188"]
[BlackElo "2374"]
[Annotator "NA"]
[PlyCount "69"]
[EventDate "2019.06.11"]
[EventType "swiss"]
[EventCountry "ARM"]
[SourceTitle "playchess.com"]
[Source "ChessBase"]
[SourceQuality "1"]
[TimeControl "40/5400+30:1800+30"]

1. d4 d5 2. c4 dxc4 3. e3 Nf6 4. Bxc4 a6 5. Nf3 e6 6. O-O b5 7. Be2 Nbd7 8. b3 Bb7 9. Bb2 $14 c5 10. Nbd2 Rc8 11. a4 Qb6 12. axb5 axb5 13. Re1 Be7 14. dxc5 Nxc5 15. Bd4 b4 16. Nc4 Qd8 17. Na5 Qb6 18. Nxb7 Qxb7 19. Ne5 O-O 20. Bf3 Nd5 21. Re2 Rc7 22. Rea2 Rfc8 23. g3 Bf8 24. h4 Qb5 25. Ra5 Qe8 26. h5 Nc3 27. Bxc3 bxc3 28. Ra8 f6 29. Nc4 Rxa8 30. Rxa8 Rc8 31. Rxc8 Qxc8 32. Qc2 Qb8 33. Qxc3 Qxb3 34. Qxb3 Nxb3 35. Kg2 1/2-1/2

[Event "12th Asrian Memorial 2019"]
[Site "Yerevan"]
[Date "2019.06.16"]
[Round "6.3"]
[White "Baghdasaryan, Vahe"]
[Black "Sargsyan, Shant"]
[Result "0-1"]
[ECO "B10"]
[WhiteElo "2357"]
[BlackElo "2512"]
[Annotator "ChessBase"]
[PlyCount "78"]
[EventDate "2019.06.11"]
[EventType "swiss"]
[EventCountry "ARM"]
[SourceTitle "playchess.com"]
[Source "ChessBase"]
[SourceQuality "1"]
[TimeControl "40/5400+30:1800+30"]

1. e4 c6 2. c4 d5 3. exd5 cxd5 4. cxd5 Nf6 5. Nc3 Nxd5 6. Nf3 Nc6 7. Bb5 g6 8. Qb3 a6 9. Qxd5 axb5 10. Qxd8+ Kxd8 11. Ng5 Ke8 12. Nxb5 Ra5 13. a4 Bg7 14. d3 h6 15. Ne4 f5 16. Nc5 Kf7 17. Bd2 Ra8 18. Bc3 b6 19. Nb3 Rd8 20. Ke2 Be6 21. Nd2 Rac8 22. Rhc1 Bd5 23. Bxg7 Kxg7 24. Nc4 Bxg2 25. f3 Nb4 26. Nxb6 Rxc1 27. Rxc1 Rxd3 28. Rc3 Bxf3+ 29. Kf2 Bb7 30. Rc7 Be4 31. Nc4 Rf3+ 32. Kg1 Nd5 33. Rd7 Nf4 34. Nd2 Ne2+ 35. Kg2 Rd3+ 36. Nxe4 Rxd7 37. Kf2 Nc1 38. Nec3 Nb3 39. Ke1 e5 0-1

[Event "12th Asrian Memorial 2019"]
[Site "Yerevan"]
[Date "2019.06.16"]
[Round "6.4"]
[White "Gharibyan, Mamikon"]
[Black "Kotanjian, Tigran"]
[Result "1-0"]
[ECO "D43"]
[WhiteElo "2320"]
[BlackElo "2462"]
[Annotator "RC"]
[PlyCount "61"]
[EventDate "2019.06.11"]
[EventType "swiss"]
[EventCountry "ARM"]
[SourceTitle "playchess.com"]
[Source "ChessBase"]
[SourceQuality "1"]
[TimeControl "40/5400+30:1800+30"]

1. d4 d5 2. c4 e6 3. Nf3 Nf6 4. Nc3 c6 5. Bg5 h6 6. Bxf6 Qxf6 7. Qb3 Nd7 8. Rd1 a5 9. e3 Qd8 10. Bd3 a4 11. Qc2 a3 12. b3 Bb4 13. O-O Qa5 14. Ne2 Nf6 15. Ng3 O-O 16. Ne5 c5 17. f4 cxd4 18. exd4 Bc3 19. Qf2 dxc4 20. bxc4 Rd8 21. Bb1 Qb6 22. Ne2 Bb2 23. g4 Qc7 24. g5 Nh7 25. gxh6 g6 26. Qg3 Qe7 27. h4 Nf6 28. Qg5 Re8 29. Bxg6 fxg6 30. Nxg6 Qh7 31. Ne5+ 1-0

[Event "12th Asrian Memorial 2019"]
[Site "Yerevan"]
[Date "2019.06.16"]
[Round "6.5"]
[White "Barseghyan, Armen Ar."]
[Black "Mikaelyan, Arman"]
[Result "0-1"]
[ECO "B23"]
[WhiteElo "2294"]
[BlackElo "2453"]
[Annotator "ChessBase"]
[PlyCount "92"]
[EventDate "2019.06.11"]
[EventType "swiss"]
[EventCountry "ARM"]
[SourceTitle "playchess.com"]
[Source "ChessBase"]
[SourceQuality "1"]
[TimeControl "40/5400+30:1800+30"]

1. e4 c5 2. Nc3 d6 3. f4 Nc6 4. Nf3 g6 5. Bc4 Bg7 6. O-O e6 7. d4 cxd4 8. Nb5 Nge7 9. Bb3 O-O 10. Nbxd4 Na5 11. Be3 b6 12. Qe2 Nxb3 13. axb3 Bb7 14. Bf2 a6 15. Bh4 Qc7 16. Rad1 Rfe8 17. Qd3 e5 18. Ne2 d5 19. Nxe5 dxe4 20. Qd7 Rac8 21. Bxe7 Rxe7 22. Qxc7 Rexc7 23. Nc4 b5 24. Nd6 Rb8 25. Nxb7 Rcxb7 26. Ra1 Rd7 27. f5 Bxb2 28. Rxa6 Rd2 29. Re1 Rxc2 30. f6 Rbc8 31. g4 h6 32. h4 R2c6 33. Rxc6 Rxc6 34. Kf2 Bxf6 35. Ke3 Bxh4 36. Rh1 Bg5+ 37. Kxe4 Re6+ 38. Kf3 Re3+ 39. Kf2 Rxb3 40. Ra1 b4 41. Ra8+ Kg7 42. Rb8 Bh4+ 43. Kg2 Re3 44. Nd4 Rg3+ 45. Kh2 Rxg4 46. Rxb4 h5 0-1

[Event "12th Asrian Memorial 2019"]
[Site "Yerevan"]
[Date "2019.06.16"]
[Round "6.6"]
[White "Davtyan, Artur"]
[Black "Der Manuelian, Haik"]
[Result "1-0"]
[ECO "D11"]
[WhiteElo "2431"]
[BlackElo "2309"]
[Annotator "NA"]
[PlyCount "153"]
[EventDate "2019.06.11"]
[EventType "swiss"]
[EventCountry "ARM"]
[SourceTitle "playchess.com"]
[Source "ChessBase"]
[SourceQuality "1"]
[TimeControl "40/5400+30:1800+30"]

1. d4 d5 2. c4 c6 3. Nf3 Nf6 4. e3 Bg4 5. h3 Bxf3 6. Qxf3 e6 7. Nc3 Nbd7 8. Bd3 Bb4 9. cxd5 {[%emt 0:01:30] D11: Slav Defence: 3 Nf3 sidelines and 3...Nf6 4 e3 Bg4} (9. O-O O-O 10. Qd1 Re8 11. Bd2 dxc4 12. Bxc4 Qe7 13. a3 Bd6 14. Qc2 Rad8 15. Rfd1 h5 16. b4 h4 {0-1 (35) So,W (2815)-Carlsen,M (2832) chess.com INT 2017}) 9... exd5 10. Bd2 O-O 11. a3 Ba5 12. b4 Bc7 13. O-O {[%emt 0:00:03] [#]} Nb6 $146 ({Predecessor:} 13... a6 14. a4 Nb6 15. b5 cxb5 16. axb5 a5 {½-½ (63) Karpov,A (2670)-Kamsky,G (2714) Moscow 2007}) 14. b5 Qd6 15. g3 Rfe8 16. bxc6 bxc6 17. Rfc1 Qe6 18. Qf5 Qxf5 19. Bxf5 Nc4 20. Be1 Bd6 21. Na4 Rab8 22. Bd3 Bxa3 23. Rc2 Bb4 24. Bxc4 Bxe1 25. Rxe1 Rb4 26. Nb2 Reb8 27. Ree2 dxc4 28. Nxc4 $16 Nd5 29. Ne5 Rb1+ 30. Kg2 Nb4 31. Rc4 Rb6 32. d5 Nxd5 33. Rd2 g6 34. Nxc6 Nf6 35. g4 h6 36. Nxa7 R1b4 37. Rxb4 Rxb4 38. Nc6 Rb5 39. Nd4 Ra5 40. Ne2 h5 41. f3 hxg4 42. hxg4 Nd5 43. Kf2 Kg7 44. Ng3 Nc7 45. Ne4 Ne6 46. f4 f5 47. Rd7+ Kf8 48. gxf5 gxf5 49. Ng5 Ng7 50. Kg3 Ra6 51. Rf7+ Kg8 52. Re7 Kf8 53. Rc7 Rh6 54. Ra7 Nh5+ 55. Kf3 Ng7 56. Ke2 Rd6 57. Rb7 Ra6 58. Rc7 Ra3 59. Rc6 Ke7 60. Rc7+ Kf6 61. Rc6+ Ke7 62. Rg6 Ne8 63. Re6+ Kd7 64. Re5 Nd6 65. Rc5 Ra8 66. Kd3 Ra4 67. Nf3 Ke6 68. Nd4+ Kf6 69. Rd5 Ra3+ 70. Ke2 Ra6 71. Kf3 Kg6 72. Re5 Rb6 73. Re6+ Kf7 74. Rh6 Nc4 75. Rxb6 Nxb6 76. Nxf5 Kf6 77. Ke4 1-0

[Event "12th Asrian Memorial 2019"]
[Site "Yerevan"]
[Date "2019.06.16"]
[Round "6.8"]
[White "Gholami Orimi, Mahdi"]
[Black "Dilanyan, Grigor"]
[Result "1-0"]
[ECO "A62"]
[WhiteElo "2445"]
[BlackElo "2294"]
[Annotator "NA"]
[PlyCount "89"]
[EventDate "2019.06.11"]
[EventType "swiss"]
[EventCountry "ARM"]
[SourceTitle "playchess.com"]
[Source "ChessBase"]
[SourceQuality "1"]
[TimeControl "40/5400+30:1800+30"]

1. d4 Nf6 2. c4 e6 3. Nf3 c5 4. d5 d6 5. Nc3 g6 6. g3 exd5 7. cxd5 Bg7 8. Bg2 O-O 9. O-O a6 10. a4 Nbd7 11. Nd2 Ne8 12. h3 f5 13. e4 $11 Ne5 14. Qc2 f4 15. gxf4 Rxf4 16. Ne2 Rh4 17. Ra3 g5 18. f4 gxf4 19. Nxf4 Qe7 20. Qd1 Nf6 21. Nf3 Nxf3+ 22. Qxf3 Bd7 23. Ne6 Nxe4 24. Re3 Bxe6 25. Rxe4 Bd4+ 26. Kh1 Bxh3 27. Rxh4 Qxh4 28. Qxh3 Qxh3+ 29. Bxh3 b5 30. a5 Kg7 31. Be6 Kg6 32. Rf7 c4 33. Kg2 Rb8 34. Rc7 Rf8 35. Rc6 Rf2+ 36. Kg3 Rc2 37. Bf4 Rxb2 38. Bxd6 c3 39. Bf4 c2 40. d6 Bf2+ 41. Kf3 Bh4 42. d7 c1=Q 43. Bxc1 Rf2+ 44. Kg4 Be7 45. Bd5+ 1-0

[Event "12th Asrian Memorial 2019"]
[Site "Yerevan"]
[Date "2019.06.16"]
[Round "6.13"]
[White "Shmavonyan, Areg"]
[Black "Kulaots, Kaido"]
[Result "0-1"]
[ECO "A48"]
[WhiteElo "2180"]
[BlackElo "2574"]
[Annotator "ChessBase"]
[PlyCount "76"]
[EventDate "2019.06.11"]
[EventType "swiss"]
[EventCountry "ARM"]
[SourceTitle "playchess.com"]
[Source "ChessBase"]
[SourceQuality "1"]
[TimeControl "40/5400+30:1800+30"]

1. d4 Nf6 2. Nf3 g6 3. Bf4 Bg7 4. e3 d6 5. h3 O-O 6. Be2 c5 7. c3 b6 8. O-O Bb7 9. Nbd2 Nbd7 10. Bh2 Ne4 11. a4 a6 12. Bd3 Nxd2 13. Nxd2 Qc7 14. Qe2 Rfc8 15. f4 f5 16. g4 e6 17. Bg3 Nf6 18. Kh2 Re8 19. Rg1 Kh8 20. Raf1 Bc6 21. Bc2 cxd4 22. exd4 b5 23. axb5 axb5 24. Bb1 Rab8 25. Re1 Qa7 26. Bf2 Nd5 27. Bg3 b4 28. c4 Nc3 29. bxc3 bxc3 30. Nf1 Rb2 31. Bc2 Bxd4 32. Rg2 Reb8 33. Rc1 Be4 34. Rf2 Bxc2 35. Rxc2 Rxc2 36. Qxc2 Rb2 37. Qd3 Bxf2 38. Kh1 {[%emt 0:01:18] Qb} Qb7+ 0-1

[Event "12th Asrian Memorial 2019"]
[Site "Yerevan"]
[Date "2019.06.17"]
[Round "7.1"]
[White "Sargsyan, Shant"]
[Black "Onischuk, Vladimir"]
[Result "*"]
[ECO "E70"]
[WhiteElo "2512"]
[BlackElo "2630"]
[Annotator "RC"]
[PlyCount "63"]
[EventDate "2019.06.11"]
[EventType "swiss"]
[EventCountry "ARM"]
[SourceTitle "playchess.com"]
[Source "ChessBase"]
[SourceQuality "1"]
[TimeControl "40/5400+30:1800+30"]

1. d4 Nf6 2. c4 g6 3. Nc3 Bg7 4. e4 O-O 5. Nf3 d6 6. h3 Nfd7 7. Bg5 h6 8. Be3 e5 9. Be2 c5 10. dxc5 dxc5 11. Qd5 Qe7 12. Qd2 Kh7 13. Nd5 Qd6 14. g4 Rd8 15. g5 h5 16. Nh4 Nc6 17. Bxh5 Nd4 18. Bg4 b5 19. O-O Nb6 20. f4 Nxc4 21. Qf2 Nxe3 22. Qxe3 Bxg4 23. hxg4 exf4 24. Rxf4 Re8 25. Nf6+ Bxf6 26. Rxf6 Qd7 27. Qh3 Ne2+ 28. Kh1 Kg7 29. Nf5+ gxf5 30. Qh6+ Kg8 31. g6 Ng3+ 32. Kg2 *

[Event "12th Asrian Memorial 2019"]
[Site "Yerevan"]
[Date "2019.06.17"]
[Round "7.9"]
[White "Babujian, Levon"]
[Black "Ghukasyan, Siranush"]
[Result "1-0"]
[ECO "D18"]
[WhiteElo "2485"]
[BlackElo "2255"]
[Annotator "RC"]
[PlyCount "75"]
[EventDate "2019.06.11"]
[EventType "swiss"]
[EventCountry "ARM"]
[SourceTitle "playchess.com"]
[Source "ChessBase"]
[SourceQuality "1"]
[TimeControl "40/5400+30:1800+30"]

1. d4 d5 2. c4 c6 3. Nc3 Nf6 4. Nf3 dxc4 5. a4 Bf5 6. e3 e6 7. Bxc4 Bb4 8. O-O Nbd7 9. Nh4 O-O 10. Nxf5 exf5 11. Qc2 g6 12. f3 Qb6 13. Bd2 a5 14. Kh1 Rad8 15. Rad1 f4 16. Ba2 Rfe8 17. exf4 Nf8 18. f5 Rxd4 19. Bg5 Rxd1 20. Rxd1 Be7 21. Re1 Bd8 22. Rd1 Ng4 23. fxg4 Bxg5 24. Rf1 Re7 25. Ne4 Qe3 26. Nd6 Kg7 27. Qc4 b5 28. axb5 cxb5 29. Qxb5 Qe2 30. Bc4 Qxg4 31. Qd5 Nd7 32. fxg6 hxg6 33. Nxf7 Bf6 34. Nd6 Ne5 35. Qg8+ Kh6 36. Qf8+ Rg7 37. Qxf6 Nxc4 38. Nf5+ 1-0

[Event "12th Asrian Memorial 2019"]
[Site "Yerevan"]
[Date "2019.06.17"]
[Round "7.10"]
[White "Kotanjian, Tigran"]
[Black "Yeritsyan, Hayk"]
[Result "1-0"]
[ECO "D37"]
[WhiteElo "2462"]
[BlackElo "2208"]
[Annotator "RC"]
[PlyCount "79"]
[EventDate "2019.06.11"]
[EventType "swiss"]
[EventCountry "ARM"]
[SourceTitle "playchess.com"]
[Source "ChessBase"]
[SourceQuality "1"]
[TimeControl "40/5400+30:1800+30"]

1. d4 d5 2. c4 e6 3. Nc3 Be7 4. Nf3 Nf6 5. Bf4 c5 6. dxc5 Bxc5 7. e3 Nc6 8. a3 O-O 9. Qc2 Qa5 10. Nd2 Be7 11. Bg3 Qb6 12. Nb3 d4 13. exd4 Nxd4 14. Nxd4 Qxd4 15. Rd1 Qb6 16. Bd3 Qc6 17. Ne4 Nh5 18. Be5 f5 19. O-O b6 20. b4 Bb7 21. b5 Qc8 22. Nd6 Qc5 23. Nxb7 Qxe5 24. c5 Nf4 25. c6 Rf6 26. Rfe1 Qb8 27. Bc4 Qf8 28. g3 Nh3+ 29. Kg2 Ng5 30. f4 Ne4 31. Qb3 Qf7 32. Rd7 Rh6 33. h4 Kf8 34. c7 Qe8 35. Red1 Nc5 36. Nxc5 bxc5 37. Bxe6 Rc8 38. Qd5 Rxe6 39. Qxe6 Bf6 40. Rf7+ 1-0

[Event "12th Asrian Memorial 2019"]
[Site "Yerevan"]
[Date "2019.06.17"]
[Round "7.12"]
[White "Der Manuelian, Haik"]
[Black "Baghdasaryan, Vahe"]
[Result "*"]
[ECO "A40"]
[WhiteElo "2309"]
[BlackElo "2357"]
[Annotator "NA RC"]
[PlyCount "129"]
[EventDate "2019.06.11"]
[EventType "swiss"]
[EventCountry "ARM"]
[SourceTitle "playchess.com"]
[Source "ChessBase"]
[SourceQuality "1"]
[TimeControl "40/5400+30:1800+30"]

1. d4 e6 2. c4 b6 3. e4 Bb7 4. Nc3 Bb4 5. Qc2 Qh4 6. d5 $11 Bxc3+ 7. bxc3 f5 8. exf5 exd5 9. Nf3 Qe4+ 10. Qxe4+ dxe4 11. Nd4 Nc6 12. Nxc6 Bxc6 13. Bg5 d6 14. Be2 Kd7 15. O-O-O Re8 16. Be3 h5 17. h3 Ne7 18. g4 Ref8 19. Rhg1 Ba4 20. Rde1 hxg4 21. hxg4 g6 22. f6 Rxf6 23. Bd4 Rhf8 24. Bxf6 Rxf6 25. Ref1 Bc6 26. g5 Rf4 27. Bg4+ Ke8 28. Be6 Bd7 29. Bxd7+ Kxd7 30. Re1 Nc6 31. Re2 Ne5 32. Rd1 c5 33. Rh1 a5 34. Kc2 Nxc4 35. Kb3 Ne5 36. c4 a4+ 37. Kxa4 Nxc4 38. Kb5 e3 39. Rh7+ Ke6 40. fxe3 Re4 41. Rg7 Ne5 42. Kxb6 Rb4+ 43. Kc7 c4 44. Rh7 c3 45. Rc2 Rc4+ 46. Kb7 Nd3 47. a3 Kd5 48. Kb6 Ne1 49. Rc1 Nd3 50. Rc2 Rc5 51. Rh4 Ne5 52. Rd4+ Ke6 53. a4 Nc4+ 54. Rxc4 Rxc4 55. a5 Kd5 56. a6 Rb4+ 57. Ka5 Rb3 58. Ka4 Rb6 59. Ka5 Rb3 60. Ka4 Rb6 61. Ka5 Rb3 62. Ka4 Rb6 63. Ka5 Rb3 64. Ra2 Kc6 65. Rc2 *

[Event "12th Asrian Memorial 2019"]
[Site "Yerevan"]
[Date "2019.06.18"]
[Round "8.1"]
[White "Sargsyan, Shant"]
[Black "Mikaelyan, Arman"]
[Result "1-0"]
[ECO "E73"]
[WhiteElo "2512"]
[BlackElo "2453"]
[Annotator "ChessBase"]
[PlyCount "119"]
[EventDate "2019.06.11"]
[EventType "swiss"]
[EventCountry "ARM"]
[SourceTitle "playchess.com"]
[Source "ChessBase"]
[SourceQuality "1"]
[TimeControl "40/5400+30:1800+30"]

1. d4 Nf6 2. c4 g6 3. Nc3 Bg7 4. e4 d6 5. Be2 O-O 6. Be3 c5 7. d5 e6 8. Nf3 exd5 9. cxd5 Bg4 10. Nd2 Bxe2 11. Qxe2 Re8 12. O-O a6 13. a4 Nbd7 14. f3 Ne5 15. Rfc1 Rc8 16. a5 h5 17. h3 Nh7 18. f4 Nd7 19. Nc4 Qe7 20. Qf3 Bxc3 21. Rxc3 Nhf6 22. Rb3 Rb8 23. e5 dxe5 24. fxe5 Nxe5 25. Nxe5 Qxe5 26. Rf1 c4 27. Ra3 Nxd5 28. Qxf7+ Kh8 29. Qxg6 Re6 30. Rf5 Rxg6 31. Rxe5 Nxe3 32. Rxh5+ Kg8 33. Rxe3 b6 34. axb6 Rgxb6 35. Rc5 Rxb2 36. Rxc4 R2b6 37. Re7 R6b7 38. Rxb7 Rxb7 39. Ra4 Rb6 40. Kh2 Kg7 41. h4 Kf6 42. Kh3 Kf5 43. Ra5+ Kf6 44. g3 Re6 45. Ra3 Kf5 46. Ra5+ Kf6 47. Kg4 Rb6 48. Ra4 Re6 49. h5 Rb6 50. Kh4 Re6 51. g4 Rb6 52. Ra5 Rc6 53. Rd5 Rb6 54. Rc5 Rd6 55. g5+ Kg7 56. Rc7+ Kg8 57. h6 Rd8 58. Ra7 Rd6 59. Kh5 Rb6 60. h7+ 1-0